 Dungeon Crawl Stone Soup version 0.29.1-15-g9cfb28693d (webtiles) character file.

Game seed: 14764350732270185272

186 firemarshallily the Chopper (level 5, -3/42 HPs)
             Began as a Demonspawn Gladiator on Mar 19, 2023.
             Slain by Pikel
             ... wielding a +0 whip of electrocution
              (7 damage)
             ... on level 4 of the Dungeon.
             The game lasted 00:05:11 (1275 turns).

firemarshallily the Chopper (Demonspawn Gladiator)  Turns: 1275, Time: 00:05:11

Health: -3/42      AC:  8    Str: 16    XL:     5   Next: 38%
Magic:  5/5        EV: 14    Int:  9    God:
Gold:   54         SH:  0    Dex: 21    Spells: 4/4 levels left

rFire   . . .      SeeInvis .   a - +0 war axe (vamp)
rCold   . . .      Faith    .   (no shield)
rNeg    . . .      Spirit   .   l - +0 ring mail {Will+}
rPois   .          Reflect  .   c - +0 helmet
rElec   .          Harm     .   (no cloak)
rCorr   .          Rampage  .   f - +1 pair of gloves
Will    +....                   (no boots)
Stlth   +.........              (no amulet)
HPRegen 0.14/turn               p - +6 ring of dexterity
MPRegen 0.09/turn               (no ring)

@: brilliant, attractive
A: hooves 1, repulsion field 1, foul stench 1
a: no special abilities


You were on level 4 of the Dungeon.
You visited 1 branch of the dungeon, and saw 3 of its levels.

You collected 54 gold pieces.

Inventory:

Hand Weapons
 a - a +0 vampiric war axe (weapon)
Missiles
 d - 3 throwing nets
 e - a javelin (quivered)
Armour
 c - a +0 helmet (worn)
 f - a +1 pair of gloves (worn)
 l - a +0 ring mail of willpower (worn)
Jewellery
 p - a +6 ring of dexterity (left hand)
Scrolls
 h - a scroll of amnesia


   Skills:
 * Level 3.9 Fighting
 * Level 4.1 Axes
 - Level 1.7 Throwing
 + Level 1.8 Armour
 - Level 2.6 Dodging


You had 4 spell levels left.
You didn't know any spells.
Your spell library was empty.

Dungeon Overview and Level Annotations

Branches:
Dungeon (2/15)

Altars:
Fedhas
Trog

Annotations:
D:4 Pikel


Innate Abilities, Weirdness & Mutations

You have large cloven feet.
You are surrounded by a mild repulsion field. (EV +2)
You may rarely emit foul miasma when damaged in melee.


Message History

The lemure is lightly wounded.
The lemure barely misses you.
You closely miss the lemure. Your kick misses the lemure.
The lemure is lightly wounded.
The lemure closely misses you.
You slash the lemure! Your kick misses the lemure.
The lemure is moderately wounded.
You barely miss the lemure. The lemure hits you. x2
You barely miss the lemure. You hit the lemure but do no damage.
The lemure hits you. x2; You emit a cloud of foul miasma!
The lemure hits you. The lemure hits you!
Unknown command.
You feel better. The lemure hits you. The lemure hits you!
* * * LOW HITPOINT WARNING * * *
As you read the scroll labelled WEDILO DAHERUPN, it crumbles to dust.
You assume a fearsome visage.
The lemure looks frightened! x2
It was a scroll of fear.
The lemure shouts!
You hear a shout! x2
A lemure comes into view.
The lemure shouts!
The lemure completely misses you.
It was a potion of brilliance.
You feel clever all of a sudden. The lemure barely misses you.
It was a potion of attraction.
You feel attractive to monsters. The lemure hits you.
* * * LOW HITPOINT WARNING * * *
You feel better. The lemure hits you but does no damage.
Pikel hits you with a +0 whip of electrocution.
* * * LOW HITPOINT WARNING * * *
You are electrocuted!
* * * LOW HITPOINT WARNING * * *
You emit a cloud of foul miasma!
Okay, then.
You hit Pikel but do no damage. You hit the lemure.
The lemure hits you but does no damage.
Pikel is engulfed in dark miasma.
Pikel is poisoned.
Pikel seems to slow down.
Pikel hits you with a +0 whip of electrocution!
You die...

........(.†).##....>...#
..........).)..........#
...................5...#
........................
..######.....##...... .
..# #.....##.........
..# ####.......#####....
..# #....##...5###......
..###..........5@.......
..#............K.......#
..#.....................
...................###..
#..............##### .
#...........####
#...........#
#........#### ######...#


You could see Pikel (poisoned, slow) and 2 lemures.

Vanquished Creatures
  Eustachio (D:4)
  2 adders (D:4)
  A dart slug (D:4)
  2 orcs (D:4)
  3 endoplasms
  A giant cockroach (D:1)
  5 goblins
  2 hobgoblins
  2 kobolds (D:1)
  A frilled lizard (D:1)
  A rat (D:1)
21 creatures vanquished.

Notes
Turn   | Place    | Note
-------+----------+-------------------------------------------
     0 | D:1      | firemarshallily the Demonspawn Gladiator began the quest
                  | for the Orb.
     0 | D:1      | Reached XP level 1. HP: 16/16 MP: 1/1
   328 | D:1      | Found a faded altar of an unknown god.
   354 | D:1      | Gained mutation: You are surrounded by a mild repulsion
                  | field. (EV +2) [demonic ancestry]
   354 | D:1      | Reached XP level 2. HP: 19/22 MP: 2/2
   621 | D:2      | You fall into a shaft and drop 2 floors!
   638 | D:4      | Found a blossoming altar of Fedhas.
   670 | D:4      | Reached skill level 3 in Axes
   949 | D:4      | Noticed Eustachio
   999 | D:4      | Reached XP level 3. HP: 28/28 MP: 3/3
  1062 | D:4      | Noticed a lemure
  1063 | D:4      | Noticed Pikel
  1100 | D:4      | Killed Eustachio
  1101 | D:4      | Reached skill level 4 in Axes
  1101 | D:4      | Reached skill level 1 in Armour
  1101 | D:4      | Gained mutation: You may rarely emit foul miasma when
                  | damaged in melee. [demonic ancestry]
  1101 | D:4      | Reached XP level 4. HP: 30/37 MP: 4/4
  1101 | D:4      | Gained mutation: You have large cloven feet. [demonic
                  | ancestry]
  1101 | D:4      | Reached XP level 5. HP: 35/42 MP: 5/5
  1173 | D:4      | Found a bloodstained altar of Trog.
  1173 | D:4      | Noticed a black bear
  1249 | D:4      | Noticed a lemure
  1254 | D:4      | Noticed a lemure
  1268 | D:4      | Noticed a lemure
  1275 | D:4      | Slain by Pikel

Illustrated notes

Levels and vault maps discovered:
D:1:      reono_arrival_forest_river, layout_loops_ring,
          ebering_ecumenical_altar_mist, chequers_serial_rivers_micro_d
D:2:      layout_basic, basic_altar, st_stairs_12
D:4:      layout_basic, fedhas_altar_decomposition, lightli_temple_of_fire,
          uniq_robin, uniq_eustachio, uniq_pikel

Skill      XL: |  1  2  3 |
---------------+----------+-----
Axes           | 3 4 |  4.1
Fighting       | 3 |  3.9
Armour         | 1 |  1.8
Throwing       | |  1.7
Dodging        | |  2.6

Action                   |  1- 3 |  4- 6 || total
-------------------------+-------+-------++-------
Melee: War axe           |    77 |    12 ||    89
       Punch             |     2 |       ||     2
       Kick              |       |     3 ||     3
  Use: Scroll            |     6 |     1 ||     7
       Potion            |     2 |     4 ||     6
 Stab: Sleeping          |     1 |       ||     1
       Invisible         |     7 |       ||     7
Armor: Leather armour    |    12 |       ||    12
       Ring mail         |    32 |     4 ||    36
Dodge: Dodged            |    77 |     9 ||    86
